AoeStats
← WuLuDuDu

Nomad

508212509Analyzed
2v2 RM · 11d ago on Sep 21, 2026· 63m 24s· 4 players
Game mode
Random Map
Map size
176×176
Population
200
Speed
Normal
Resources
Standard
Victory
Conquest
Starting age
Dark Age
Ending age
Imperial Age
RankedLock teamsTeams togetherTeam positionsShared explorationLock speedFull tech treeHidden civsTurbo modeCheats
Victory
Defeat
🇹🇷 Khmer · Türkiye
871
+12
🇹🇷 Italians · Türkiye
809
+14
🇹🇷 Persians · Türkiye
775
-13
🇹🇷 Byzantines · Türkiye
772
-13
WuLuDuDu
15:05 Feudal Age
22:11 Castle Age
20:19 Stone Mining
21:23 Fishing Lines
25:11 Double-Bit Axe
25:29 Gold Mining
35:36 Ballistics
35:07 Fletching
35:17 Padded Archer Armor
39:08 Imperial Age
37:19 Wheelbarrow
37:00 Bow Saw
37:28 Stone Shaft Mining
37:40 Bodkin Arrow
38:00 Leather Archer Armor
40:20 Silk Road
39:24 Elite Genoese Crossbowman
40:17 Pirotechnia
41:49 Chemistry
40:14 Elite Skirmisher
41:01 Thumb Ring
40:58 Bracer
41:28 Ring Archer Armor
40:48 Horse Collar
46:07 Silk Road
46:54 Ring Archer Armor
63:32 Caravan
Mert
4:53 Loom
19:47 Feudal Age
21:13 Double-Bit Axe
21:12 Horse Collar
24:41 Wheelbarrow
23:52 Town Watch
26:26 Arson
29:21 Castle Age
28:56 Bloodlines
30:11 Pikeman
30:55 Husbandry
31:05 Scale Barding Armor
31:11 Forging
31:02 Scale Mail Armor
31:03 Padded Archer Armor
31:16 Bow Saw
31:09 Heavy Plow
31:28 Hand Cart
32:49 Fletching
33:59 Gold Mining
34:27 Stone Mining
36:02 Gold Shaft Mining
36:34 Stone Shaft Mining
36:33 Town Patrol
36:46 Light Cavalry
38:11 Chain Mail Armor
39:20 Iron Casting
40:30 Chain Barding Armor
40:25 Leather Archer Armor
40:06 Bodkin Arrow
46:17 Imperial Age
43:50 Tusk Swords
47:24 Conscription
47:39 Hoardings
46:49 Hussar
47:46 Elite Battle Elephant
50:07 Plate Barding Armor
50:43 Crop Rotation
51:53 Blast Furnace
51:21 Ballistics
51:12 Fortified Wall
50:57 Murder Holes
52:30 Ring Archer Armor
52:01 Bracer
52:15 Masonry
53:27 Chemistry
53:18 Halberdier
54:45 Conscription
53:56 Sappers
55:02 Hoardings
55:41 Architecture
58:27 Coinage
57:57 Caravan
58:25 Double Crossbow
60:32 Banking
evirbek
15:22 Feudal Age
19:33 Double-Bit Axe
19:35 Fishing Lines
20:03 Gold Mining
26:23 Castle Age
24:24 Stone Mining
26:12 Forging
26:07 Scale Barding Armor
27:41 Bow Saw
28:03 Husbandry
29:02 Iron Casting
42:48 Imperial Age
41:52 Chain Barding Armor
44:07 Hoardings
42:57 Elite Cataphract
43:54 Gillnets
47:17 Logistica
49:25 Plate Barding Armor
54:38 Conscription
SOKOMYS
15:11 Feudal Age
15:52 Town Watch
17:20 Loom
19:44 Double-Bit Axe
22:55 Castle Age
25:07 Thumb Ring
24:22 Crossbowman
24:56 Fletching
25:06 Padded Archer Armor
27:01 Town Patrol
27:36 Wheelbarrow
27:45 Bodkin Arrow
28:05 Leather Archer Armor
32:43 Imperial Age
30:30 Kamandaran
33:20 Hand Cart
33:42 Ring Archer Armor
34:36 Ballistics
38:28 Chemistry
46:06 Onager
56:17 Scale Barding Armor
56:25 Forging
Connection lost

Rejoining the realm…

Still unreachable

The connection could not be restored.

Session expired

The server has moved on; the page needs a fresh start.